 Dungeon Crawl Stone Soup version 0.22-a0-283-g1871b15 (webtiles) character file.

28104 seren the Carver (level 13, -2/96 HPs)
             Began as a Vampire Gladiator on Mar 17, 2018.
             Was a High Priest of Kikubaaqudgha.
             Slain by a komodo dragon (34 damage)
             ... on level 4 of the Lair of Beasts on Mar 18, 2018.
             The game lasted 02:14:17 (24358 turns).

seren the Carver (Vampire Gladiator)               Turns: 24358, Time: 02:14:18

Health: -2/96      AC:  0    Str: 15    XL:     13   Next: 8%
Magic:  16/20      EV: 31    Int: 10    God:    Kikubaaqudgha [*****.]
Gold:   616        SH:  4    Dex: 24    Spells: 12/21 levels left

rFire    . . .     SeeInvis +   (weapon currently unavailable)
rCold    + . .     Gourm    .   (shield currently unavailable)
rNeg     + + .     Faith    .   (armour currently unavailable)
rPois    +         Spirit   .   (helmet currently unavailable)
rElec    .         Reflect  +   (cloak currently unavailable)
rCorr    .         Harm     .   (gloves currently unavailable)
MR       +....                  (boots currently unavailable)
Stlth    +++++++...             p - +4 amulet of reflection
HPRegen  0.13/turn              (ring currently unavailable)
MPRegen  0.17/turn              (ring currently unavailable)

@: bat-form, flying, regenerating slowly, very quick
A: tiny, fangs 3, see invisible
a: End Transformation, Receive Corpses, Torment, Renounce Religion


You were on level 4 of the Lair of Beasts.
You worshipped Kikubaaqudgha.
Kikubaaqudgha was extremely pleased with you.
You were thirsty.
You were in vampire-bat-form.
You visited 3 branches of the dungeon, and saw 17 of its levels.
You also visited: Ossuary and Bailey.

You collected 1006 gold pieces.
You spent 390 gold pieces at shops.

Inventory:

Hand Weapons
 a - a +0 long sword (melded)
 b - the +8 hunting sling "Qeqavud" {freeze, *Slow +Blink rN+++ Dex+2}
   (You bought it in a shop on level 6 of the Dungeon)

   It causes projectiles fired from it to freeze those they strike, causing
   extra injury to most foes and up to half again as much damage against
   particularly susceptible opponents.
   They can also slow down cold-blooded creatures.
   It affects your dexterity (+2).
   It renders you almost immune to negative energy.
   It lets you blink.
   It may slow you when you take damage.
 d - a +1 dagger of venom
 o - a +0 scimitar
 H - a +3 triple sword of protection
Missiles
 f - 89 sling bullets
 g - 606 stones
 J - 4 throwing nets (quivered) {!f}
 V - 67 tomahawks of returning
Armour
 r - a +2 helmet (melded)
 t - a +0 troll leather armour (melded)
 F - a +0 cloak (melded)
 G - a +0 pair of gloves (melded)
 M - a +1 pair of boots (melded)
 O - a +3 scale mail
Jewellery
 p - a +4 amulet of reflection (around neck)
 s - an uncursed amulet of regeneration
 B - a ring of protection from cold (melded)
 E - a +2 ring of intelligence
 L - a ring of protection from fire (melded)
Wands
 j - a wand of paralysis (7)
 v - a wand of iceblast (10)
 w - a wand of flame (52)
 x - a wand of random effects (40)
 z - a wand of clouds (1)
 C - a wand of acid (3)
Scrolls
 c - 3 scrolls of remove curse
 i - 8 scrolls of blinking {!r}
 k - 7 scrolls of teleportation {!r}
 m - 2 scrolls of enchant weapon
 n - a scroll of magic mapping
 u - a scroll of summoning {unknown}
 y - a scroll of silence {unknown}
 A - 2 scrolls of fear
 D - 6 scrolls of fog
 T - a scroll of acquirement {unknown}
Potions
 e - 19 potions of blood
 h - a potion of brilliance
 l - 9 potions of curing
 q - 4 potions of flight
 I - 3 potions of magic
 K - 4 potions of haste
 N - a potion of mutation {!q}
 P - a potion of berserk rage
 R - 5 potions of heal wounds


   Skills:
 + Level 7.2 Fighting
 + Level 12.9 Long Blades
 - Level 1.5 Throwing
 + Level 4.5 Armour
 + Level 9.4 Dodging
 + Level 10.1 Stealth
 + Level 4.8 Spellcasting
 - Level 5.1 Hexes
 - Level 7.0 Necromancy
 + Level 7.1 Evocations


You had 12 spell levels left.
You knew the following spells:

 Your Spells              Type           Power        Failure   Level  Hunger
a - Slow                  Hex            ##......     4%          2    ##.....
d - Animate Dead          Necr           N/A          13%         4    #####..
v - Vampiric Draining     Necr           ###.......   3%          3    ###....


Dungeon Overview and Level Annotations

Branches:
Dungeon (12/15)            Temple (1/1) D:5            Lair (4/6) D:11
  Swamp (0/4) Lair:2        Snake (0/4) Lair:4          Orc (0/2) D:11

Altars:
Ashenzari
Cheibriados
Dithmenos
Elyvilon
Fedhas
Gozag
Hepliaklqana
Kikubaaqudgha
Makhleb
Nemelex Xobeh
Okawaru
Qazlal
Ru
Sif Muna
Trog
Uskayaw
Vehumet
Wu Jian
Xom
Yredelemnul
Zin
The Shining One

Shops:
D:6 (

Annotations:
D:11 exclusion: 3 downstairs, Arum's ghost, journeyman HOFi
D:12 exclusion: hydra, Erolcha
Lair:3 exclusion: 4 oklob plants


Innate Abilities, Weirdness & Mutations

You heal slowly.
You have razor-sharp teeth.
You have supernaturally acute eyesight. (SInv)
((You can survive without breathing.))


Message History

The komodo dragon bites you!!
* * * LOW HITPOINT WARNING * * *
Casting: Slow (safe; 5% risk of failure)
Confirm with . or Enter, or press ? or * to list all spells.
Aiming: Slow (safe; 5% risk of failure)
Press: ? - help, Shift-Dir - straight line, f - komodo dragon
Aim: a komodo dragon (chance to defeat MR: 31%)
The komodo dragon easily resists.
The komodo dragon bites you!!
* * * LOW HITPOINT WARNING * * *
You turn into a vampire bat.
Your +0 long sword melds into your body.
Your +0 cloak melds into your body.
Your +2 helmet melds into your body.
Your +0 pair of gloves melds into your body.
Your +1 pair of boots melds into your body.
Your +0 troll leather armour melds into your body.
Your ring of protection from cold melds into your body.
Your ring of protection from fire melds into your body.
The komodo dragon bites you!!
You die...
Kikubaaqudgha rasps: "You have failed me!
Welcome... oblivion!"

..P.......>.....##...#..#
.#
....................P..#.#
#
....<.................##..#
.......................####
...............#รท...##..#
...............###.###.##
...............###.# ##.##
.......#...[.....l.# ##.#
......#.#.......b.## ###
......######.....## .....P#
#...##.## ....###
##...###.# ....# #.#### ###
..### ### #.# ###


You could see a komodo dragon.

Vanquished Creatures
  2 hydras (Lair:3)
  7 two-headed ogres
  Sonja (D:11)
  2 unseen horrors
  Pikel (D:9)
  An orc knight (Bailey)
  2 ugly things
  2 centaur zombies
  2 black mambas (Lair:3)
  Psyche (D:8)
  A gargoyle (D:10)
  6 spiny frogs
  7 komodo dragons
  A tyrant leech (Lair:2)
  2 trolls
  4 blink frogs
  3 hippogriffs
  Sigmund (D:2)
  A spriggan (D:7)
  A shadow (D:10)
  2 wyverns
  10 yaks
  5 basilisks
  A swamp worm (Lair:2)
  Menkaure (D:4)
  2 soldier ants
  5 water moccasins
  5 porcupines
  4 orc warriors
  A slave (D:8)
  A black bear (D:7)
  An ice beast (D:10)
  3 sky beasts
  8 ogres
  4 centaurs
  A phantom (D:8)
  11 crocodiles
  2 big kobolds
  2 elf zombies (Ossuary)
  6 bullfrogs
  3 scorpions
  2 jellies
  20 killer bees
  3 wights (D:11)
  6 electric eels
  3 bullfrog zombies
  A quasit (D:10)
  4 crimson imps
  3 hounds
  A human zombie (Ossuary)
  A gnoll shaman (D:5)
  17 orc wizards
  10 orc priests
  Jessica (D:2)
  15 worker ants
  11 iguanas
  A big kobold zombie (Ossuary)
  A hound zombie (Ossuary)
  4 mummies (Ossuary)
  Robin (D:2)
  20 gnolls
  2 howler monkey skeletons
  15 adders
  3 shadow imps
  An adder zombie (D:9)
  5 worms
  4 dart slugs
  6 leopard geckos
  15 orcs
  2 ball pythons
  10 bats
  9 giant cockroaches
  A gnoll zombie (Ossuary)
  17 goblins
  18 hobgoblins
  9 jackals
  5 quokkas
  5 frilled lizards
  A goblin zombie (Ossuary)
  A jackal zombie (Ossuary)
  24 kobolds
  A leopard gecko skeleton (D:4)
  3 orc zombies (Ossuary)
  A quokka skeleton (D:5)
  7 rats
  A rat zombie (Ossuary)
417 creatures vanquished.

Vanquished Creatures (others)
  A kobold (D:3)
  2 fungi (Lair:3)
  12 plants
15 creatures vanquished.

Grand Total: 432 creatures vanquished

Notes
Turn   | Place    | Note
-------+----------+-------------------------------------------
     0 | D:1      | seren the Vampire Gladiator began the quest for the Orb.
     0 | D:1      | Reached XP level 1. HP: 16/16 MP: 1/1
   152 | D:1      | Reached skill level 1 in Stealth
   203 | D:1      | Reached XP level 2. HP: 22/22 MP: 2/2
   658 | D:1      | Reached XP level 3. HP: 9/27 MP: 3/3
  1235 | D:2      | Noticed Sigmund
  1244 | D:2      | Killed Sigmund
  1244 | D:2      | Reached skill level 4 in Long Blades
  1244 | D:2      | Reached XP level 4. HP: 27/34 MP: 4/4
  1244 | D:2      | Reached XP level 5. HP: 32/40 MP: 5/5
  1273 | D:2      | Noticed Robin
  1281 | D:2      | Killed Robin
  1406 | D:2      | Noticed Jessica
  1848 | D:2      | Reached XP level 6. HP: 47/47 MP: 6/6
  3089 | D:3      | Found an iron altar of Okawaru.
  3426 | D:3      | Reached skill level 5 in Long Blades
  3464 | D:3      | Found a faded altar of an unknown god.
  3626 | D:4      | Found an opulent altar of Gozag.
  3710 | D:4      | Noticed Menkaure
  4204 | D:4      | Reached skill level 5 in Dodging
  4204 | D:4      | Reached skill level 5 in Stealth
  4204 | D:4      | Reached XP level 7. HP: 51/52 MP: 7/7
  4396 | D:4      | Reached skill level 6 in Long Blades
  4419 | D:4      | Upgraded the game from 0.22-a0-282-gdd34a7d to 0.22-a0-283-g1871b15
  4621 | D:5      | Entered Level 5 of the Dungeon
  4636 | D:5      | Found a sand-covered staircase.
  4645 | Ossuary  | Entered an ossuary
  5363 | D:5      | Found a runed door.
  5371 | D:5      | Found a runed door.
  5656 | D:4      | Reached skill level 7 in Long Blades
  6090 | D:5      | Found a staircase to the Ecumenical Temple.
  6098 | Temple   | Entered the Ecumenical Temple
  6575 | D:5      | Found a deep blue altar of Sif Muna.
  6776 | D:5      | Reached skill level 1 in Evocations
  6776 | D:5      | Reached XP level 8. HP: 58/58 MP: 8/8
  7131 | D:6      | Found an iron altar of Okawaru.
  7141 | D:6      | Found a basalt altar of Yredelemnul.
  7147 | D:6      | Found a sparkling altar of Nemelex Xobeh.
  7169 | D:6      | Found an ancient bone altar of Kikubaaqudgha.
  7177 | D:6      | Became a worshipper of Kikubaaqudgha
  7192 | D:6      | Found Icatipt's Antique Weapon Shoppe.
  7561 | D:6      | Reached skill level 8 in Long Blades
  8857 | D:7      | Reached XP level 9. HP: 48/65 MP: 11/11
  8920 | D:7      | Found an ancient bone altar of Kikubaaqudgha.
  9722 | D:8      | Reached * piety under Kikubaaqudgha
  9722 | D:8      | Identified Kikubaaqudgha's Compendium of Black Rites (Kikubaaqudgha gifted it to you on level 8 of the Dungeon)
  9722 | D:8      | Received a gift from Kikubaaqudgha
  9944 | D:8      | Noticed Psyche
 10579 | D:8      | Reached skill level 9 in Long Blades
 10579 | D:8      | Reached skill level 1 in Necromancy
 10827 | D:8      | Noticed a two-headed ogre
 10906 | D:8      | Reached skill level 5 in Fighting
 10943 | D:8      | Noticed a two-headed ogre
 10947 | D:8      | Killed a two-headed ogre
 10947 | D:8      | Reached skill level 5 in Evocations
 11262 | D:7      | Reached XP level 10. HP: 62/74 MP: 13/13
 11311 | D:8      | Killed Psyche
 11407 | D:8      | Killed a two-headed ogre
 11577 | D:8      | Reached ** piety under Kikubaaqudgha
 12068 | D:7      | Reached skill level 10 in Long Blades
 12070 | D:7      | Reached skill level 5 in Necromancy
 12519 | D:8      | Noticed a two-headed ogre
 12527 | D:8      | Killed a two-headed ogre
 12730 | D:9      | Reached skill level 11 in Long Blades
 12734 | D:9      | Found a burning altar of Makhleb.
 12738 | D:9      | Noticed an Executioner
 12742 | D:9      | Noticed a smoke demon
 12864 | D:9      | Noticed a two-headed ogre
 12938 | D:9      | Noticed Pikel
 13447 | D:9      | Killed Pikel
 13447 | D:9      | Reached skill level 1 in Armour
 13447 | D:9      | Reached skill level 1 in Spellcasting
 13467 | D:9      | Killed a two-headed ogre
 13483 | D:10     | Entered Level 10 of the Dungeon
 13516 | D:10     | Found a flagged portal.
 13563 | Bailey   | Entered a bailey
 13642 | Bailey   | Learned a level 2 spell: Slow
 13940 | Bailey   | Noticed an orc knight
 13959 | Bailey   | Reached XP level 11. HP: 76/79 MP: 15/15
 13975 | Bailey   | Reached *** piety under Kikubaaqudgha
 13975 | Bailey   | Identified Kikubaaqudgha's Almanac of Darkness (Kikubaaqudgha gifted it to you in a bailey)
 13975 | Bailey   | Received a gift from Kikubaaqudgha
 13994 | Bailey   | Learned a level 4 spell: Animate Dead
 14105 | Bailey   | Killed an orc knight
 14105 | Bailey   | Reached skill level 1 in Hexes
 14584 | D:10     | Noticed a two-headed ogre
 15189 | D:10     | Noticed a cyan ugly thing
 15293 | D:10     | Reached **** piety under Kikubaaqudgha
 15583 | D:10     | Killed a cyan ugly thing
 15665 | D:10     | Noticed an unseen horror
 15683 | D:10     | Killed an unseen horror
 16036 | D:10     | Killed a two-headed ogre
 16036 | D:10     | Reached skill level 5 in Hexes
 16085 | D:11     | Noticed Sonja
 16263 | D:11     | Noticed Arum's ghost (journeyman HOFi)
 16413 | D:11     | Noticed a purple ugly thing
 16809 | D:2      | Killed Jessica
 16862 | D:4      | Killed Menkaure
 17070 | D:6      | Bought a glowing triple sword for 260 gold pieces
 17070 | D:6      | Bought a twisted hunting sling for 130 gold pieces
 17070 | D:6      | Identified the +8 hunting sling "Qeqavud" {freeze, *Slow +Blink rN+++ Dex+2} (You bought it in a shop on level 6 of the Dungeon)
 17244 | D:11     | Found a staircase to the Orcish Mines.
 17377 | D:11     | Noticed a two-headed ogre
 17380 | D:11     | Noticed an unseen horror
 17391 | D:10     | Killed a two-headed ogre
 17555 | D:11     | Killed an unseen horror
 17555 | D:11     | Reached skill level 12 in Long Blades
 17946 | D:11     | Killed Sonja
 18021 | D:11     | Found a staircase to the Lair.
 18418 | Lair:1   | Entered Level 1 of the Lair of Beasts
 18535 | Lair:1   | Learned a level 3 spell: Vampiric Draining
 18762 | Lair:1   | Reached XP level 12. HP: 55/87 MP: 17/17
 19304 | Lair:2   | Identified Fufee's Almanac of Enchantment
 20141 | Lair:2   | Found a staircase to the Swamp.
 20679 | Lair:3   | Noticed a seven-headed hydra
 20860 | Lair:3   | Got a heavily jewelled robe
 20934 | Lair:2   | Identified the +2 robe of the Devil's Advocate {*Slow rN+ Int+3} (You found it on level 3 of the Lair of Beasts)
 22011 | D:11     | Reached skill level 10 in Stealth
 22239 | D:11     | Noticed a two-headed ogre
 22301 | D:11     | Reached ***** piety under Kikubaaqudgha
 22308 | D:11     | Killed a two-headed ogre
 22719 | D:12     | Noticed a six-headed hydra
 22779 | D:12     | Noticed Erolcha
 23431 | Lair:3   | Killed a seven-headed hydra
 23436 | Lair:3   | Noticed a six-headed hydra
 23440 | Lair:3   | Killed a six-headed hydra
 23454 | Lair:3   | Reached XP level 13. HP: 96/96 MP: 19/19
 24285 | Lair:4   | Found a staircase to the Snake Pit.
 24358 | Lair:4   | Slain by a komodo dragon

Vault maps used:
D:1:      saegor_arrival_simple_b, hangedman_decor_push, hangedman_glass_teeth
D:2:      uniq_robin, uniq_sigmund, uniq_jessica
D:3:      chequers_ecumenical_altar_lobes, kennysheep_okawaru_gauntlet
D:4:      minmay_ruined_shrine, uniq_menkaure
D:5:      lemuel_insect_pit, old_standard_altar, minmay_temple_entry_junction,
          first_ration, enter_ossuary_1
D:6:      lemuel_crystal_altar, gammafunk_temple_overflow_forgotten,
          serial_shops, shop, kennysheep_boxes
D:7:      basic_altar, the_bakery
D:8:      minmay_flawed_box, kennysheep_generic_room_14, uniq_psyche
D:9:      makhleb_altar_promises_db, serial_bayou_crossing, uniq_pikel
D:10:     minmay_opposing_rooms, enter_bailey_2
D:11:     lair_entry_dummy, orc_0_dummy, serial_bayou_lake_a, uniq_sonja
D:12:     uniq_harold, uniq_nergalle, uniq_erolcha
Temple:   regret_index_temple_sphere_string
Lair:2:   minmay_swamp_entry_worms, ldierk_geyser
Lair:3:   beast_lair_carwin_large_4, serial_bayou_lagoon_a,
          minmay_lair_oklob_chamber, lemuel_fruit_tree
Lair:4:   dummy_snake_entry, lemuel_fruit_fields, grunt_megastairs_2
Ossuary:  ossuary_minmay_tomb_2a
Bailey:   bailey_axe_2, bailey

Skill      XL: |  1  2  3  4  5  6  7  8  9 10 11 12 |
---------------+-------------------------------------+-----
Stealth        | 1 3 4 5 6 7 8 10 | 10.1
Fighting       | 2 3 4 5 7 |  7.2
Long Blades    | 4 5 7 8 9 11 12 | 12.9
Dodging        | 4 5 6 7 9 |  9.4
Evocations     | 1 3 5 6 7 |  7.1
Necromancy     | 3 5 6 7 |  7.0
Armour         | 1 3 4 |  4.5
Spellcasting   | 1 3 4 |  4.8
Hexes          | 5 |  5.1
Throwing       | |  1.5

Action                   |  1- 3 |  4- 6 |  7- 9 | 10-12 | 13-15 || total
-------------------------+-------+-------+-------+-------+-------++-------
Melee: Long sword        |    61 |    38 |       |   841 |    35 ||   975
       Bite              |    10 |    33 |    91 |   177 |     4 ||   315
       Falchion          |       |   179 |   477 |   131 |       ||   787
       Short sword       |       |       |    59 |    13 |       ||    72
       Dagger            |       |       |       |    71 |     6 ||    77
       Unarmed           |       |       |       |     1 |       ||     1
 Fire: Hunting sling     |       |       |    16 |   173 |    12 ||   201
 Cast: Slow              |       |       |       |    28 |     3 ||    31
       Vampiric Draining |       |       |       |     8 |       ||     8
Invok: Receive Corpses   |       |       |       |     1 |       ||     1
 Abil: Bat Form          |       |       |     5 |    11 |     1 ||    17
       End Transformatio |       |       |     5 |    11 |       ||    16
Evoke: Wand              |       |       |    14 |    69 |     4 ||    87
  Use: Potion            |     5 |     5 |    23 |    34 |     2 ||    69
       Scroll            |       |     4 |    17 |     9 |       ||    30
 Stab: Sleeping          |     4 |    10 |    11 |    14 |     4 ||    43
       Distracted        |       |     2 |       |     7 |       ||     9
       Paralysed         |       |       |       |    15 |       ||    15
       Confused          |       |       |       |     1 |       ||     1
Armor: Leather armour    |    18 |    51 |   117 |    72 |       ||   258
       Troll leather arm |       |       |       |    97 |     4 ||   101
Dodge: Dodged            |    41 |   113 |   337 |   636 |    21 ||  1148
Block: Other             |     2 |    22 |    92 |   151 |     5 ||   272
       Reflection        |       |     1 |     1 |     3 |       ||     5
       Rpst.: Long sword |    12 |     5 |       |   144 |     3 ||   164
       Falchion          |       |    39 |    81 |    15 |       ||   135

Table legend:
 A = Spawn XP
 B = Non-spawn XP
 C = Spawn XP percentage of total XP
 D = Spawn monster count
 E = Non-spawn monster count
 F = Spawn count percentage of total count
 G = Total turns spent on level
                    A         B        C        D         E        F      G
               +---------+---------+-------+---------+---------+-------+---------
         Total |       0 |   40149 |   0.0 |       0 |     417 |   0.0 | 24358
               +---------+---------+-------+---------+---------+-------+---------
           D:1 |       0 |      60 |   0.0 |       0 |      27 |   0.0 |  1353
           D:2 |       0 |     386 |   0.0 |       0 |      33 |   0.0 |  1429
           D:3 |       0 |     141 |   0.0 |       0 |      30 |   0.0 |  1186
           D:4 |       0 |     570 |   0.0 |       0 |      11 |   0.0 |  1298
           D:5 |       0 |     647 |   0.0 |       0 |      21 |   0.0 |  1541
           D:6 |       0 |    1007 |   0.0 |       0 |      29 |   0.0 |  1980
           D:7 |       0 |    1302 |   0.0 |       0 |      21 |   0.0 |  1224
           D:8 |       0 |    5060 |   0.0 |       0 |      36 |   0.0 |  2733
           D:9 |       0 |    1782 |   0.0 |       0 |       7 |   0.0 |  1099
          D:10 |       0 |    6656 |   0.0 |       0 |      47 |   0.0 |  2429
          D:11 |       0 |    5808 |   0.0 |       0 |      36 |   0.0 |  1673
        Lair:1 |       0 |    1765 |   0.0 |       0 |      10 |   0.0 |  1060
        Lair:2 |       0 |    3190 |   0.0 |       0 |      16 |   0.0 |  1953
        Lair:3 |       0 |    9243 |   0.0 |       0 |      37 |   0.0 |  1815
        Lair:4 |       0 |    1339 |   0.0 |       0 |       6 |   0.0 |   225
       Ossuary |       0 |     348 |   0.0 |       0 |      16 |   0.0 |   428
        Bailey |       0 |     845 |   0.0 |       0 |      34 |   0.0 |   781
               +---------+---------+-------+---------+---------+-------+---------
